 Dungeon Sprint DCSS version 0.17-a0-1667-g4ca74a1 (webtiles) character file.

484 Kidiri the Covert (level 6, -2/28 HPs)
             Began as a Spriggan Enchanter on Aug 17, 2015.
             Slain by a boulder beetle (30 damage)
             ... in the Dungeon (Sprint II: "The Violet Keep of Menkaure").
             The game lasted 00:01:58 (514 turns).

Kidiri the Covert (Spriggan Enchanter)               Turns: 514, Time: 00:01:58

Health: -2/28      AC:  3    Str:  4    XL:     6   Next: 88%
Magic:  14/19      EV: 27    Int: 17    God:
Gold:   729        SH:  0    Dex: 18    Spells: 5 memorised, 11 levels left

rFire  . . .     SeeInvis +     a - +1 dagger
rCold  . . .     Clarity  .     b - +1 robe
rNeg   . . .     SustAt   .     (shield restricted)
rPois  .         Gourm    .     (helmet restricted)
rElec  .         Spirit   .     (no cloak)
rCorr  .         Warding  .     (gloves unavailable)
rMut   .         NoTele   +     (boots unavailable)
MR     +....                    (no amulet)
Stlth  ++++++....               (no ring)
                                (no ring)

@: very quick, somewhat resistant to hostile enchantments, very stealthy
A: unfitting armour, see invisible, herbivore 3, speed 3, slow metabolism 2
a: no special abilities


You were in the Dungeon.
You were not hungry.

You visited 1 branch You collected 729 gold pieces.

Inventory:

Hand weapons
 a - a +1 dagger (weapon)
Armour
 b - a +1 robe (worn)
Scrolls
 j - a scroll of blinking
Potions
 e - a potion of curing
 f - a potion of heal wounds
 g - a potion of haste
 h - 2 potions of magic
 i - a potion of berserk rage
Comestibles
 d - a bread ration


   Skills:
 + Level 5.4 Short Blades
 * Level 10.5 Dodging
 * Level 11.7 Stealth
 * Level 9.0 Spellcasting
 + Level 1.6 Conjurations
 + Level 7.1 Hexes
 + Level 1.6 Ice Magic


You had 11 spell levels left.
You knew the following spells:

 Your Spells              Type           Power        Failure   Level  Hunger
a - Corona                Hex            ####...      1%          1    None
b - Ensorcelled Hibernat  Hex/Ice        ###...       2%          2    None
c - Confuse               Hex            ####....     1%          3    None
d - Tukima's Dance        Hex            ####....     1%          3    None
e - Dazzling Spray        Conj/Hex       ###.....     6%          3    None


Dungeon Overview and Level Annotations

Branches:
Dungeon (1/1)

Altars:


Innate Abilities, Weirdness & Mutations

You are tiny and cannot use many weapons and most armour.
You have supernaturally acute eyesight.
You are a herbivore.
You cover ground extremely quickly.
You need consume almost no food.


Message History

Aim: a boulder beetle (chance to defeat MR: 34%)
The boulder beetle looks drowsy...
There is an open door here.
The helpless boulder beetle fails to defend itself.
You skewer the boulder beetle like a kebab!!!
The boulder beetle is almost dead.
The boulder beetle closely misses you.
You hit the boulder beetle but do no damage.
The boulder beetle is almost dead.
Unknown command.
Casting: Ensorcelled Hibernation
Confirm with . or Enter, or press ? or * to list all spells.
Aiming: Dazzling Spray
Press: ? - help, Shift-Dir - straight line, f/p - boulder beetle
Aim: a boulder beetle (almost dead)
The spray of energy hits the boulder beetle.
The boulder beetle is almost dead.
The boulder beetle is dazzled.
The boulder beetle bites you!!
Ouch! That really hurt!
You die...

+## ####.##
#..##.#
####...####
##.###+###.#
#..$##.##.%##
+###'.<.+##.+
#..@##.##%.##
##B###'###.#
## #..####
##%%# #.##
+##


You could see a boulder beetle (blind).

Vanquished Creatures
  A boulder beetle (D)
  4 brain worms (D)
  4 worker ants (D)
  2 worms (D)
11 creatures vanquished.

Notes
Turn   | Place    | Note
--------------------------------------------------------------
     0 | D        | Kidiri the Spriggan Enchanter began the quest for the Orb.
     0 | D        | Reached XP level 1. HP: 9/9 MP: 5/5
     1 | D        | Noticed a brain worm
     1 | D        | Noticed a brain worm
     1 | D        | Noticed a brain worm
     1 | D        | Noticed a brain worm
     5 | D        | Killed a brain worm
     5 | D        | Reached skill level 6 in Dodging
     5 | D        | Reached skill level 7 in Stealth
     5 | D        | Reached skill level 5 in Spellcasting
     5 | D        | Reached XP level 2. HP: 13/13 MP: 6/9
     5 | D        | Reached XP level 3. HP: 16/16 MP: 6/10
     7 | D        | Killed a brain worm
     7 | D        | Reached skill level 8 in Stealth
     7 | D        | Reached skill level 5 in Hexes
     7 | D        | Reached XP level 4. HP: 21/21 MP: 7/13
     9 | D        | Killed a brain worm
     9 | D        | Reached skill level 10 in Stealth
     9 | D        | Reached XP level 5. HP: 24/24 MP: 7/15
    23 | D        | Killed a brain worm
    41 | D        | Learned a level 2 spell: Ensorcelled Hibernation
    45 | D        | Learned a level 3 spell: Confuse
    49 | D        | Learned a level 3 spell: Tukima's Dance
    53 | D        | Learned a level 3 spell: Dazzling Spray
    96 | D        | Noticed a boulder beetle
    96 | D        | Noticed a boulder beetle
   326 | D        | Noticed a worker ant
   326 | D        | Noticed a worker ant
   326 | D        | Noticed a worker ant
   326 | D        | Noticed a worker ant
   329 | D        | Killed a worker ant
   329 | D        | Reached XP level 6. HP: 28/28 MP: 15/18
   331 | D        | Killed a worker ant
   331 | D        | Reached skill level 5 in Short Blades
   332 | D        | Killed a worker ant
   332 | D        | Reached skill level 11 in Stealth
   336 | D        | Killed a worker ant
   336 | D        | Reached skill level 10 in Dodging
   336 | D        | Reached skill level 1 in Conjurations
   336 | D        | Reached skill level 1 in Ice Magic
   389 | D        | Killed a boulder beetle
   514 | D        | Slain by a boulder beetle

Vault maps used:
D:        the_violet_keep_of_menkaure

Action                   |  1- 3 |  4- 6 || total
-------------------------+-------+-------++-------
Melee: Dagger            |     4 |    36 ||    40
 Cast: Ensorcelled Hiber |       |    12 ||    12
       Dazzling Spray    |       |     3 ||     3
 Stab: Sleeping          |     2 |     9 ||    11
